 Dungeon Crawl Stone Soup version 0.23.2-33-g5129a83184 (webtiles) character file.

Game seed: 14711674639117177509

155 Doomgape the Ruffian (level 5, 0/32 HPs)
             Began as a Gargoyle Monk on July 14, 2019.
             Killed from afar by Sigmund (8 damage)
             ... with a puff of flame
             ... on level 3 of the Dungeon.
             The game lasted 00:10:50 (2796 turns).

Doomgape the Ruffian (Gargoyle Monk)                Turns: 2796, Time: 00:10:51

Health: 0/32       AC:  8    Str: 15    XL:     5   Next: 37%
Magic:  5/5        EV: 12    Int: 11    God:
Gold:   111        SH:  0    Dex: 12    Spells: 4/4 levels left

rFire    . . .     SeeInvis .     - Unarmed
rCold    . . .     Gourm    .   (no shield)
rNeg     + . .     Faith    .   c - +1 robe
rPois    ∞         Spirit   .   g - +0 helmet
rElec    +         Reflect  .   (no cloak)
rCorr    .         Harm     .   (no gloves)
MR       .....                  (no boots)
Stlth    +.........             f - amulet of regeneration
HPRegen  0.50/turn              (no ring)
MPRegen  0.09/turn              (no ring)

@: confused
A: negative energy resistance 1, electricity resistance, unbreathing,
petrification resistance, rot immunity, AC +4
a: no special abilities


You were on level 3 of the Dungeon.
You were not hungry.

You visited 1 branch of the dungeon, and saw 3 of its levels.

You collected 111 gold pieces.

Inventory:

Armour
 c - a +1 robe (worn)
 g - a +0 helmet (worn)
Jewellery
 f - an amulet of regeneration (around neck)
Scrolls
 d - 2 scrolls of remove curse
 e - 3 scrolls of identify
 j - a scroll of enchant armour
Comestibles
 a - 4 chunks of flesh
 b - 4 rations


   Skills:
 - Level 3.2 Fighting
 - Level 2.5 Dodging
 - Level 2.1 Stealth
 + Level 5.8 Unarmed Combat


You had 4 spell levels left.
You didn't know any spells.
Your spell library was empty.

Dungeon Overview and Level Annotations

Branches:
Dungeon (3/15)

Altars:
Xom

Annotations:
D:3 Sigmund


Innate Abilities, Weirdness & Mutations

You are resistant to torment.
Your stone body is resilient. (AC +4)
You are immune to poison.
You resist negative energy. (rN+)
You are resistant to electric shocks. (rElec)
You can survive without breathing.
You are immune to petrification.
You are immune to rotting.


Message History

Sigmund appears from thin air!
Reactivating autopickup.
Sigmund gestures at you while chanting. You resist with some effort.
You bump into the rock wall.
You bump into the rock wall.
Sigmund hits you from afar with a +5 scythe of slicing.
* * * LOW HITPOINT WARNING * * *
x2 You bump into the rock wall.
Sigmund completely misses you.
You feel less confused.
Sigmund points at you and mumbles some strange words.
You are confused.
You bump into the rock wall.
You bump into the rock wall.
You feel a little less agile now.
Sigmund says, "You will soon forget everything."
You aren't carrying any items that you can evoke.
Sigmund points at you and mumbles some strange words.
The puff of flame hits you!
You die...

#.. #.. ## #.# ## #. #.# ..#
#. ##.# #.# #.
#..########### #.# #.
#)%...@.....####.# #.
#.#######........# #.
########...@..@....###..###.
.........#######.### #......
.######.#.## #.# ##.###.
..........# #.# ###.###.
#.####.### #.# #.....#. #.#
#..# #.....#. #.# ##.#
#.....#. #.# ###.# #.....#.
#.####)#######
#...###.....#.


You could see Sigmund.

Vanquished Creatures
  An iguana (D:2)
  6 adders
  2 worms (D:2)
  3 dart slugs
  3 ball pythons
  3 giant cockroaches
  6 goblins
  9 hobgoblins
  2 jackals (D:1)
  3 quokkas
  7 bats
  A frilled lizard (D:2)
  14 kobolds
  3 rats
63 creatures vanquished.

Notes
Turn   | Place    | Note
-------+----------+-------------------------------------------
     0 | D:1      | Doomgape the Gargoyle Monk began the quest for the Orb.
     0 | D:1      | Reached XP level 1. HP: 14/14 MP: 1/1
   141 | D:1      | Reached XP level 2. HP: 15/19 MP: 2/2
   193 | D:1      | Found a deep blue altar of Sif Muna.
   195 | D:1      | Found a shattered altar of Ashenzari.
   195 | D:1      | Found a glowing golden altar of the Shining One.
   197 | D:1      | Found a hazy altar of Hepliaklqana.
   197 | D:1      | Found a radiant altar of Vehumet.
   197 | D:1      | Found a shimmering altar of Xom.
   677 | D:1      | Reached skill level 4 in Unarmed Combat
   677 | D:1      | Reached XP level 3. HP: 20/23 MP: 3/3
  1254 | D:2      | Reached XP level 4. HP: 28/28 MP: 4/4
  1421 | D:2      | Reached skill level 5 in Unarmed Combat
  1997 | D:2      | Reached XP level 5. HP: 31/32 MP: 5/5
  2735 | D:3      | Noticed Sigmund
  2776 | D:3      | HP: 2/48 [something (2)]
  2796 | D:3      | Killed from afar by Sigmund

Skill      XL: |  1  2  3  4 |
---------------+-------------+-----
Unarmed Combat | 4 5 |  5.8
Fighting       | |  3.2
Dodging        | |  2.5
Stealth        | |  2.1

Action                   |  1- 3 |  4- 6 || total
-------------------------+-------+-------++-------
Melee: Unarmed           |   134 |   112 ||   246
       Punch             |     2 |     2 ||     4
  Use: Scroll            |     1 |     5 ||     6
       Potion            |     3 |     4 ||     7
 Stab: Sleeping          |     2 |     2 ||     4
  Eat: Chunk             |     1 |     5 ||     6
Armor: Robe              |    55 |    41 ||    96
       Skin              |       |    16 ||    16
Dodge: Dodged            |   106 |    60 ||   166
